 Dungeon Crawl Stone Soup version 0.13-a0-3016-gcb2faac (webtiles) character file.

171 PolkaDot the Stinger (level 4, -1/30 HPs)
             Began as a Vampire Venom Mage on Sept 11, 2013.
             Slain by an orc priest
             ... wielding a +0,+0 orcish flail
              (11 damage)
             ... on Level 4 of the Dungeon.
             The game lasted 00:13:25 (1892 turns).

PolkaDot the Stinger (Vampire Venom Mage)           Turns: 1892, Time: 00:13:25

HP  -1/30        AC  3     Str  7      XL: 4   Next:  4%
MP   2/9         EV 12     Int 18      God:
Gold 101         SH  0     Dex 14      Spells:  3 memorised,  0 levels left

Res.Fire  : . . .   See Invis. : +   r - +1,+3 elf dagger (freeze)
Res.Cold  : . . .   Warding    : .   a - +0 robe
Life Prot.: . . .   Conserve   : .   (no shield)
Res.Poison: .       Res.Corr.  : .   (no helmet)
Res.Elec. : .       Clarity    : .   (no cloak)
Sust.Abil.: . .     Spirit.Shd : .   j - +0 pair of elf gauntlets
Res.Mut.  : .       Stasis     : .   (no boots)
Res.Rott. : .       Flight     : .   (no amulet)
Saprovore : . . .                    (no ring)
                                     (no ring)

@: regenerating quickly, very slightly contaminated, slightly resistant to
hostile enchantments, stealthy
A: fangs 3, see invisible, unbreathing
a: no special abilities


You were on level 4 of the Dungeon.
You were very full.

You visited 1 branch of the dungeon, and saw 4 of its levels.

You collected 81 gold pieces.

Inventory:

Hand weapons
 r - a +1,+3 elven dagger of freezing (weapon)
Armour
 a - a +0 robe (worn)
 j - a +0 pair of elven gauntlets (worn)
Scrolls
 c - a scroll of enchant weapon II
 f - a scroll of fear
 g - a scroll of recharging {unknown}
 h - 3 scrolls of identify
 i - 3 scrolls of remove curse {unknown}
 k - a scroll of enchant weapon I
 l - a scroll of teleportation
 m - a scroll of magic mapping
 n - 2 scrolls of blinking {unknown}
 q - a scroll of curse armour {unknown}
Potions
 e - 2 potions of magic
Books
 b - a Young Poisoner's Handbook

   Spells                             Type                      Level
   *Sting                             Conjuration/Poison           1
   *Cure Poison                       Poison                       2
   Mephitic Cloud                     Conjuration/Poison/Air       3
   *Olgreb's Toxic Radiance           Poison                       4
   Venom Bolt                         Conjuration/Poison           5


   Skills:
 - Level 2.1 Dodging
 - Level 3.0 Stealth
 + Level 2.0 Spellcasting
 * Level 4.7 Poison Magic


You couldn't memorise any spells.
You knew the following spells:

 Your Spells              Type           Power        Failure   Level  Hunger
a - Sting                 Conj/Pois      ##..         10%         1    #......
q - Cure Poison           Pois           ###.......   4%          2    ##.....
s - Olgreb's Toxic Radia  Pois           ###.....     28%         4    #####..


Dungeon Overview and Level Annotations

Branches:
Dungeon (4/27)
 Temple: D:4-7

Altars:
Nemelex Xobeh

Shops:
D:4 *

Annotations:
D:3 Grinder


Innate Abilities, Weirdness & Mutations

Your natural rate of healing is unusually fast.
You have razor-sharp teeth.*
You have supernaturally acute eyesight.
You can survive without breathing.*


Message History

Confirm with . or Enter, or press ? or * to list all spells.
Aiming: Sting
Press: ? - help, Shift-Dir - straight line, f/p - orc priest
Aim: an orc priest, wielding an orcish flail and wearing an orcish chain mail (severely wounded, poisoned)
The sting hits the orc priest.
The orc priest is severely wounded.
Casting: Sting
Confirm with . or Enter, or press ? or * to list all spells.
Aiming: Sting
Press: ? - help, Shift-Dir - straight line, f/p - orc priest
Aim: an orc priest, wielding an orcish flail and wearing an orcish chain mail (severely wounded, poisoned)
The sting misses the orc priest.
The sting hits the orc.
The orc is poisoned.
The orc is heavily wounded.
You barely miss the orc priest.
The orc priest is almost dead.
The orc priest completely misses you.
You hit the orc priest but do no damage.
The orc priest is almost dead.
The orc priest hits you with an orcish flail!
You die...

,,,, #.#.* #.#.# *,*
,,,,
***#.#.###.#.######,* ,
,,,,,*#.#............#,*
,,,,*
,*#.#######.####.#,*
,,,.##.##.........# *,
,* ,,................#
**** ***###.#########.##
#,* #.# *,* #@# *** **,*
#o# ,,,, ,* #o# ,,,,**,*
#.# ,,,,* ,* #o#
,,,,**,* #.# ,,,,**, #o#
, ,,+,,* #.# ,,, 8 8*
#o#


You could see 2 orc priests, an orc wizard and 2 orcs.

Vanquished Creatures
  A giant mite (D:2)
  2 giant geckos
  An orc (D:3)
  7 bats
  A giant cockroach (D:1)
  10 hobgoblins
  6 kobolds
  2 quokkas (D:2)
  9 giant newts
  6 goblins
  A goblin skeleton (D:4)
  7 jackals
  5 rats
58 creatures vanquished.

Notes
Turn   | Place    | Note
--------------------------------------------------------------
     0 | D:1      | PolkaDot, the Vampire Venom Mage, began the quest for the Orb.
     0 | D:1      | Reached XP level 1. HP: 13/13 MP: 4/4
   219 | D:1      | Reached XP level 2. HP: 8/19 MP: 2/5
   485 | D:1      | Reached skill level 4 in Poison Magic
   832 | D:1      | Reached XP level 3. HP: 24/24 MP: 7/7
   998 | D:2      | Found a sparkling altar of Nemelex Xobeh.
  1025 | D:2      | Paralysed by a potion of paralysis for 6 turns
  1031 | D:2      | Paralysed by a potion of paralysis for 4 turns
  1760 | D:3      | Noticed Grinder
  1784 | D:3      | Reached XP level 4. HP: 30/30 MP: 6/9
  1831 | D:4      | Learned a level 4 spell: Olgreb's Toxic Radiance
  1834 | D:4      | Learned a level 2 spell: Cure Poison
  1844 | D:4      | Found Falerch's Assorted Antiques.
  1892 | D:4      | Slain by an orc priest

Action                   |  1- 3 |  4- 6 || total
-------------------------+-------+-------++-------
Melee: Spear             |    62 |       ||    62
       Dagger            |    70 |     8 ||    78
 Cast: Sting             |    17 |     8 ||    25
  Use: Potion            |     4 |       ||     4
       Scroll            |       |     7 ||     7
 Stab: Sleeping          |     9 |       ||     9
